Map: Sequencer LE

Players

Salvite - Winner!

  • Race: Protoss Protoss
  • League: Silver
  • Spawn Location: 1:00

A.I. 1 (Very Easy)

  • Race: Zerg Zerg
  • Spawn Location: 7:00

VOD

Have the link to the VOD?

Description

Time

  • Played on: June 3, 2017, 6:20 p.m.
  • Length: 8:56
Show
View Real Time Build Order
Export as new Build Order

Salvite Protoss - Winner!

Build Orders:  

Get SALT Encoding   

  12  0:01  Probe (Chrono Boost)  
  13  0:16  Pylon  
  13  0:19  Probe (Chrono Boost)  
  14  0:30  Probe (Chrono Boost)  
  15  0:40  Gateway  
  15  0:44  Probe (Chrono Boost)  
  16  0:54  Probe (Chrono Boost)  
  16  0:55  Assimilator  
  17  1:05  Probe (Chrono Boost)  
  17  1:10  Assimilator  
  18  1:15  Probe (Chrono Boost)  
  19  1:21  Pylon  
  19  1:26  Probe (Chrono Boost)  
  19  1:29  Cybernetics Core  
  20  1:33  Zealot  
  20  1:36  Probe (Chrono Boost)  
  23  1:47  Probe (Chrono Boost)  
  23  1:57  Probe (Chrono Boost)  
  23  1:59  Pylon  
  24  2:08  Probe (Chrono Boost)  
  25  2:11  Stargate  
  25  2:20  Zealot  
  27  2:28  Protoss Air Weapons Level 1  
  27  2:46  Mothership Core (Chrono Boost)  
  29  2:57  Nexus  
  29  3:01  Pylon  
  29  3:07  Pylon  
  29  3:17  Probe (Chrono Boost)  
  30  3:32  Probe (Chrono Boost)  
  31  3:38  Assimilator  
  31  3:40  Assimilator, Void Ray  
  35  3:57  Stargate  
  35  4:06  Probe (Chrono Boost)  
  36  4:20  Stargate  
  36  4:30  Pylon  
  36  4:48  Probe x2 (Chrono Boost)  
  38  4:57  Void Ray x2  
  46  5:10  Probe (Chrono Boost)  
  46  5:11  Probe (Chrono Boost)  
  48  5:21  Probe x2 (Chrono Boost)  
  50  5:41  Probe (Chrono Boost)  
  50  5:42  Probe (Chrono Boost)  
  52  5:52  Probe x2 (Chrono Boost)  
  52  5:53  Void Ray x2  
  62  6:07  Void Ray  
  66  6:26  Probe x2 (Chrono Boost)  
  68  6:36  Oracle  
  71  6:40  Nexus  
  71  6:59  Assimilator  
  71  7:04  Pylon  
  71  7:08  Pylon  
  71  7:17  Fleet Beacon  
  71  7:20  Probe x2 (Chrono Boost)  
  73  7:31  Probe x2 (Chrono Boost)  
  79  7:54  Void Ray  
Show
View Real Time Build Order
Export as new Build Order

A.I. 1 (Very Easy) Zerg 

Build Orders: Pool First 

Get SALT Encoding   

  12  0:01  Drone  
  13  0:12  Overlord  
  13  0:17  Drone  
  14  0:35  Spawning Pool  
  13  0:37  Drone  
  13  0:41  Extractor  
  13  0:44  Drone  
  14  0:52  Overlord  
  14  1:21  Zergling x2  
  14  1:22  Queen  
  17  1:30  Roach Warren  
  16  1:33  Zergling x2  
  16  1:34  Drone  
  18  1:44  Drone, Zergling x2  
  20  1:54  Drone  
  21  2:05  Drone  
  22  2:16  Drone  
  23  2:26  Drone  
  23  2:28  Overlord  
  24  2:34  Drone  
  25  4:47  Roach  
  25  4:48  Drone  
  25  4:49  Lair, Extractor  
  27  4:55  Drone  
  28  5:02  Drone  
  28  5:04  Overlord  
  29  5:10  Drone  
  30  5:17  Drone, Hatchery  
  30  5:20  Roach  
  32  5:24  Drone  
  32  5:32  Drone  
  32  5:39  Drone  
  32  5:49  Overseer x2  
  32  5:53  Zergling x2  
  33  6:30  Drone  
  34  6:38  Drone  
  35  6:41  Extractor  
  35  6:44  Extractor  
  35  6:45  Drone  
  34  6:52  Drone  
  35  6:59  Drone  
  36  7:06  Drone  
  37  7:13  Drone  
  38  7:20  Drone  
  39  7:28  Drone  
  40  7:35  Drone  
  41  7:42  Drone  
  42  7:49  Drone, Roach  
  42  7:51  Overlord, Overseer  
  43  7:56  Drone  
  41  8:03  Drone  
  33  8:11  Drone  
  29  8:18  Drone, Overlord  
  29  8:21  Zergling x2  
  29  8:23  Overlord  
  28  8:28  Hatchery  
  24  8:37  Drone  
  15  8:44  Drone  
Tags
 
League
Silver
Matchup
PvZ
Opening
Pool First
Spawn Locations
Cross Positions
Add a new tag
Caveats
  • Supply blocks, unpowered buildings, or Contaminate may cause inaccurate times.
  • Supply counts are checked every 10 seconds.